 Dungeon Crawl Stone Soup version 0.28-a0-1613-gdaab1c2f9b (webtiles) character file.

Game seed: 17029217692868672861

106 a3don the Chiller (level 4, -1/36 HPs)
             Began as a Draconian Ice Elementalist on Jan 22, 2022.
             Slain by a steam dragon (6 damage)
             ... on level 3 of the Dungeon.
             The game lasted 00:03:26 (2108 turns).

a3don the Chiller (Draconian Ice Elementalist)      Turns: 2108, Time: 00:03:27

Health: -1/36      AC:  5    Str: 10    XL:     4   Next: 55%
Magic:  2/8        EV: 12    Int: 17    God:
Gold:   62         SH:  0    Dex: 12    Spells: 4/8 levels left

rFire   . . .      SeeInvis .   f - +2 short sword (speed)
rCold   + + .      Faith    .   (no shield)
rNeg    . . .      Spirit   .   (armour unavailable)
rPois   .          Reflect  .   (helmet restricted)
rElec   .          Harm     .   (no cloak)
rCorr   .          Rampage  .   (no gloves)
Will    .....                   (no boots)
Stlth   ++........              (no amulet)
HPRegen 0.12/turn               a - ring of protection from cold
MPRegen 0.11/turn               d - ring of protection from cold

@: freezing walls
A: AC +5, unfitting armour, cold-blooded
a: no special abilities


You were on level 3 of the Dungeon.
You visited 1 branch of the dungeon, and saw 3 of its levels.

You collected 62 gold pieces.

Inventory:

Hand Weapons
 f - a +2 short sword of speed (weapon)
Missiles
 n - 58 stones
Jewellery
 a - a ring of protection from cold (left hand)
 d - a ring of protection from cold (right hand)
 j - an amulet of guardian spirit
Scrolls
 b - a scroll of fear {unknown}
 g - 6 scrolls of identify {unknown}
 o - a scroll of vulnerability {unknown}
 q - 2 scrolls of teleportation {unknown}
 r - a scroll of acquirement {unknown}
Potions
 c - a potion of degeneration {unknown}
 e - 2 potions of heal wounds {unknown}
 h - 2 potions of might {unknown}
 i - a potion of attraction {unknown}
 k - a potion of lignification {unknown}
 l - a potion of berserk rage {unknown}
 m - a potion of ambrosia {unknown}
 p - a potion of curing {unknown}


   Skills:
 + Level 2.1 Fighting
 + Level 0.9 Short Blades
 + Level 2.6 Dodging
 - Level 1.7 Stealth
 + Level 2.7 Spellcasting
 + Level 4.4 Ice Magic


You had 4 spell levels left.
You knew the following spells:

 Your Spells              Type           Power      Damage    Failure   Level
a - Freeze                Ice            68%        1d8       2%          1
b - Frozen Ramparts       Ice            34%        1d5       9%          3

Your spell library contained the following spells:

 Spells                   Type           Power      Damage    Failure   Level
 Ozocubu's Armour         Ice            17%        N/A       9%          3
 Hailstorm                Conj/Ice       9%         3d4       56%         4


Dungeon Overview and Level Annotations

Branches:
Dungeon (3/15)

Altars:


Innate Abilities, Weirdness & Mutations

Your plain brown scales are hard. (AC +5)
You cannot fit into any form of body armour.
You are cold-blooded and may be slowed by cold attacks.


Message History

You can't see any susceptible monsters within range! (Use Z to cast anyway.)
Casting: Freeze (safe; 3% risk of failure)
Confirm with . or Enter, or press ? or * to list all spells.
Casting: Frozen Ramparts (dangerous; 9% risk of failure)
Press: ? - help, Dir - look around, f - activate The walls around you are covered in ice.
The steam dragon breathes steam at you. The ball of steam misses you.
The frozen ramparts melt away as you move.
Found a hand axe.
The steam dragon bites you. The steam dragon barely misses you.
Casting: Frozen Ramparts (dangerous; 9% risk of failure)
Confirm with . or Enter, or press ? or * to list all spells.
You don't know that spell.
Casting: Frozen Ramparts (dangerous; 9% risk of failure)
Confirm with . or Enter, or press ? or * to list all spells.
Casting: Frozen Ramparts (dangerous; 9% risk of failure)
Press: ? - help, Dir - look around, f - activate The walls around you are covered in ice.
The wall freezes the ball python.
You kill the ball python!
The wall freezes the steam dragon.
The steam dragon closely misses you. The steam dragon claws you.
* * * LOW HITPOINT WARNING * * *
You hit the steam dragon.
The steam dragon is lightly wounded.
The wall freezes the steam dragon.
The steam dragon closely misses you. The steam dragon barely misses you.
You barely miss the steam dragon.
The steam dragon is moderately wounded.
You hit the steam dragon but do no damage.
You tail-slap the steam dragon, but do no damage.
The steam dragon is moderately wounded.
The wall freezes the steam dragon.
The steam dragon misses you. The steam dragon claws you.
* * * LOW HITPOINT WARNING * * *
You closely miss the steam dragon.
The steam dragon is heavily wounded.
The wall freezes the steam dragon.
The steam dragon bites you.
You die...

#.####### .. ###.......#
.. ##.#.......# ..
##..#.......# ..
##...'.......# .. ###+#
##....#.......####
#.....#.....#...........
#..)..#....##.......####
+.?.$†D@..###.......#
#..(..#..## #.......#
#.....#.## #..(....#
###+# ### #..###### +..
#.


You could see a steam dragon.

Vanquished Creatures
  2 hound skeletons (D:2)
  An adder (D:2)
  3 adder zombies (D:2)
  An adder skeleton (D:2)
  A worm (D:2)
  4 ball pythons
  A bat skeleton (D:2)
  2 bat zombies (D:2)
  3 endoplasms
  2 giant cockroaches
  A goblin (D:2)
  4 hobgoblins
  4 jackals (D:1)
  A quokka (D:1)
  2 ball python skeletons (D:2)
  2 ball python zombies (D:2)
  8 bats
  4 frilled lizards
  A jackal zombie (D:2)
  5 kobolds
  6 rats
58 creatures vanquished.

Vanquished Creatures (others)
  An endoplasm (D:3)
1 creature vanquished.

Grand Total: 59 creatures vanquished

Notes
Turn   | Place    | Note
-------+----------+-------------------------------------------
     0 | D:1      | a3don the Draconian Ice Elementalist began the quest for
                  | the Orb.
     0 | D:1      | Reached XP level 1. HP: 14/14 MP: 3/3
   291 | D:1      | Reached XP level 2. HP: 22/22 MP: 3/5
   444 | D:1      | Reached skill level 1 in Fighting
   858 | D:2      | Reached XP level 3. HP: 10/28 MP: 6/6
  1126 | D:2      | Learned a level 3 spell: Frozen Ramparts
  1622 | D:2      | Reached XP level 4. HP: 34/36 MP: 7/7
  2096 | D:3      | Noticed a steam dragon
  2108 | D:3      | Slain by a steam dragon

Illustrated notes

Levels and vault maps discovered:
D:1:      dpeg_arrival_chambers_temple_mockup, layout_rooms,
          minmay_crystal_room, minmay_pentomino_o2
D:2:      layout_rooms, serial_undead, serial_undead_a, serial_undead_a,
          serial_undead_e, serial_undead_f, serial_undead_f, serial_undead_d,
          serial_undead_a, serial_undead_e
D:3:      layout_basic, nemelex_spade_bored_becter, basic_ecumenical_altar,
          minmay_quadrilaterals

Skill      XL: |  1  2  3  4 |
---------------+-------------+-----
Dodging        | 2 |  2.6
Fighting       | 1 2 |  2.1
Short Blades   | |  0.9
Stealth        | |  1.7
Spellcasting   | |  2.7
Ice Magic      | |  4.4

Action                   |  1- 3 |  4- 6 || total
-------------------------+-------+-------++-------
Melee: Short sword       |   111 |    37 ||   148
       Unarmed           |     1 |       ||     1
       Tailslap          |    17 |     7 ||    24
       Punch             |     2 |     1 ||     3
 Cast: Freeze            |    10 |       ||    10
       Frozen Ramparts   |       |     2 ||     2
 Stab: Sleeping          |     1 |     2 ||     3
Armor: Skin              |    54 |    12 ||    66
Dodge: Dodged            |   105 |    20 ||   125

Table legend: (Time is in decaauts)
 A = Elapsed time spent in this place.
 B = Non-inter-level travel time spent in this place.
 C = Inter-level travel time spent in this place.
 D = Time resting spent in this place.
 E = Time spent auto-exploring this place.
 F = Levels seen in this place.
 G = Mean time per level.
                   A        B        C        D        E       F      G
               +--------+--------+--------+--------+--------+-----+--------+
         Total |   2069 |   2036 |     33 |    323 |   1350 |   3 |  689.7 |
       Dungeon |   2069 |   2036 |     33 |    323 |   1350 |   3 |  689.7 |
               +--------+--------+--------+--------+--------+-----+--------+

Top non-repeatable levels by time:
     D:1: 1046 daAuts
     D:2: 958 daAuts
     D:3: 64 daAuts
